 Dungeon Crawl Stone Soup version 0.22.0-49-gab54619 (webtiles) character file.

329 Mog the Conjurer (level 6, -5/43 HPs)
             Began as a Human Conjurer on Sept 4, 2018.
             Splashed by a jelly's acid (7 damage)
             ... on level 7 of the Dungeon.
             The game lasted 00:10:45 (1911 turns).

Mog the Conjurer (Human Conjurer)                   Turns: 1911, Time: 00:10:48

Health: -5/43      AC:  1    Str:  9    XL:     6   Next: 80%
Magic:  10/10      EV: 13    Int: 16    God:
Gold:   76         SH:  0    Dex: 14    Spells: 9/10 levels left

rFire    . . .     SeeInvis .   p - +0 trident
rCold    . . .     Gourm    .   (no shield)
rNeg     . . .     Faith    .   a - +0 robe
rPois    +         Spirit   .   (no helmet)
rElec    .         Reflect  .   h - +2 cloak
rCorr    .         Harm     .   (no gloves)
MR       .....                  (no boots)
Stlth    ++........             (no amulet)
HPRegen  0.14/turn              b - ring of poison resistance
MPRegen  0.12/turn              (no ring)

@: corroded
A: no striking features
a: no special abilities


You were on level 7 of the Dungeon.
You were not hungry.

You visited 1 branch of the dungeon, and saw 7 of its levels.

You collected 76 gold pieces.

Inventory:

Hand Weapons
 i - a +0 short sword
 p - a +0 trident (weapon)
 q - a +0 giant spiked club
Armour
 a - a +0 robe (worn)
 h - a +2 cloak (worn)
 o - a +0 robe
Jewellery
 b - a ring of poison resistance (left hand)
Scrolls
 d - a scroll of remove curse {unknown}
 f - a scroll of fog {unknown}
 l - a scroll of identify
Potions
 e - a potion of might {unknown}
 g - a potion of heal wounds {unknown}
 j - 2 potions of haste {unknown}
 k - a potion of lignification {unknown}
 m - a potion of degeneration {unknown}
 n - a potion of curing {unknown}
Comestibles
 c - 4 rations


   Skills:
 + Level 1.5 Fighting
 + Level 2.9 Short Blades
 + Level 3.2 Dodging
 + Level 2.5 Stealth
 + Level 2.8 Spellcasting
 + Level 5.2 Conjurations


You had 9 spell levels left.
You knew the following spells:

 Your Spells              Type           Power        Failure   Level  Hunger
a - Magic Dart            Conj           ###.         2%          1    #......

Your spell library contained the following spells:

 Spells                   Type           Power        Failure   Level  Hunger
 Searing Ray              Conj           ###...       3%          2    ##.....
 Dazzling Spray           Conj/Hex       ##....       19%         3    ###....
 Iskenderun's Mystic Bla  Conj           ###.....     22%         4    #####..
 Force Lance              Conj/Tloc      ##......     54%         4    #####..
 Fulminant Prism          Conj/Hex       ##........   54%         4    #####..


Dungeon Overview and Level Annotations

Branches:
Dungeon (7/15)
 Temple: D:4-7

Altars:
Nemelex Xobeh
Ru


Message History

The jelly hits you. The acid corrodes you!
You are splashed with acid!
The acid burns!
You puncture the jelly!
Your hands burn!
The jelly is heavily wounded.
The jelly closely misses you.
You hit the jelly.
Your hands burn!
The jelly is heavily wounded.
The jelly barely misses you.
You hit the jelly but do no damage.
Your hands burn!
The jelly is heavily wounded.
The jelly hits you.
You are splashed with acid!
The acid burns!
* * * LOW HITPOINT WARNING * * *
The jelly closely misses you.
You hit the jelly.
Your hands burn!
* * * LOW HITPOINT WARNING * * *
The jelly is severely wounded.
The jelly hits you.
* * * LOW HITPOINT WARNING * * *
You are splashed with acid!
The acid burns!
You die...

.## ##
##.###### #
#.###.......#
#.#...#.......#
#.###.#.......#
#.##.........#
#.#.#.......#
#..........#
##@#..<....#
#J####.#### #.#
#.# #.# #.# #.#
#.< #.# ### ..#
...


You could see a jelly.

Vanquished Creatures
  Menkaure (D:6)
  An ogre (D:7)
  2 jellies (D:5)
  A centaur skeleton (D:4)
  An adder (D:3)
  A worm (D:3)
  A leopard gecko (D:3)
  2 bats
  A giant cockroach (D:7)
  2 goblins
  2 hobgoblins
  7 jackals
  A kobold (D:1)
  A quokka (D:2)
  2 rats
26 creatures vanquished.

Notes
Turn   | Place    | Note
-------+----------+-------------------------------------------
     0 | D:1      | Mog the Human Conjurer began the quest for the Orb.
     0 | D:1      | Reached XP level 1. HP: 13/13 MP: 3/3
   198 | D:1      | Reached XP level 2. HP: 14/19 MP: 5/5
   317 | D:2      | Found a sacrificial altar of Ru.
   468 | D:3      | Found a sparkling altar of Nemelex Xobeh.
   549 | D:3      | Reached XP level 3. HP: 4/24 MP: 0/6
   818 | D:3      | Reached skill level 1 in Short Blades
   999 | D:4      | Reached XP level 4. HP: 19/31 MP: 7/7
  1010 | D:5      | Entered Level 5 of the Dungeon
  1081 | D:5      | HP: 1/31 [acid (5)]
  1394 | D:5      | Reached skill level 1 in Fighting
  1394 | D:5      | Reached XP level 5. HP: 23/37 MP: 0/8
  1702 | D:6      | Noticed Menkaure
  1716 | D:6      | Killed Menkaure
  1716 | D:6      | Reached skill level 5 in Conjurations
  1716 | D:6      | Reached XP level 6. HP: 10/43 MP: 0/10
  1874 | D:7      | Noticed an ogre
  1894 | D:7      | Killed an ogre
  1911 | D:7      | HP: 2/43 [jelly (2)]
  1911 | D:7      | Splashed by a jelly's acid

Skill      XL: |  1  2  3  4  5 |
---------------+----------------+-----
Short Blades   | 1 2 |  2.9
Fighting       | 1 |  1.5
Dodging        | 3 |  3.2
Conjurations   | 5 |  5.2
Stealth        | |  2.5
Spellcasting   | |  2.8

Action                   |  1- 3 |  4- 6 || total
-------------------------+-------+-------++-------
Melee: Short sword       |    75 |    20 ||    95
       Hand axe          |     3 |       ||     3
       Trident           |       |     9 ||     9
 Cast: Magic Dart        |    15 |    22 ||    37
  Use: Scroll            |     1 |       ||     1
  Eat: Ration            |     1 |       ||     1
Armor: Robe              |    37 |    17 ||    54
Dodge: Dodged            |    74 |    39 ||   113
